 Dungeon Crawl Stone Soup version 0.31-a0-37-g98a128e1d9 (webtiles) character file.

Game seed: 17202995825081274159

3767 Klosterheim the Destroyer (level 9, 67/67 HPs)
             Began as a Black Draconian Conjurer on Sept 26, 2022.
             Was an Initiate of Hepliaklqana.
             Quit the game on level 7 of the Dungeon on May 15, 2023.
             The game lasted 00:41:00 (9687 turns).

Klosterheim the Destroyer (DrCj)                    Turns: 9687, Time: 00:41:01

Health: 67/67      AC: 15    Str: 10    XL:     9   Next: 94%
Magic:  18/18      EV: 27    Int: 23    God:    Hepliaklqana [......]
Gold:   420        SH:  0    Dex:  9    Spells: 10/20 levels left

rFire   . . .        u - +8 broad axe "Vip Zeakh" {freeze, rPois Will+ rCorr}
rCold   . . .        (no shield)
rNeg    . . .        (body armour unavailable)
rPois   +            (helmet restricted)
rElec   +            b - +2 cloak
rCorr   +            A - +0 pair of gloves
SInv    .            (no boots)
Will    +....        p - amulet of the acrobat
Stlth   ++           j - +4 ring of protection
HPRegen 0.31/turn    v - ring of wizardry
MPRegen 0.16/turn

%: acrobat, wizardry (x1)
@: acrobatic
A: breathe lightning, AC +7, unfitting armour, electricity resistance,
cold-blooded
a: Breathe Lightning, Renounce Religion


You were on level 7 of the Dungeon.
You worshipped Hepliaklqana.
Hepliaklqana was noncommittal.
You visited 2 branches of the dungeon, and saw 9 of its levels.
You also visited: Bailey.

You collected 470 gold pieces.
You spent 50 gold pieces at shops.

Inventory:

Hand Weapons
 u - the +8 broad axe "Vip Zeakh" (weapon) {freeze, rPois Will+ rCorr}
   (You acquired it on level 7 of the Dungeon)

   rPois:     It protects you from poison.
   rCorr:     It protects you from acid and corrosion.
   Will:      It increases your willpower.
Missiles
 r - a throwing net
Armour
 b - a +2 cloak (worn)
 A - a +0 pair of gloves (worn)
Jewellery
 f - an amulet of faith
 j - a +4 ring of protection (left hand)
 k - a ring of flight
 p - an amulet of the acrobat (around neck)
 v - a ring of wizardry (right hand)
Wands
 t - a wand of flame (16)
 w - a wand of iceblast (8)
 z - a wand of mindburst (11)
Scrolls
 c - 3 scrolls of enchant weapon
 l - 4 scrolls of summoning
 m - a scroll of butterflies
 o - a scroll of identify
 x - 2 scrolls of teleportation
 y - 4 scrolls of enchant armour
Potions
 a - 2 potions of magic
 d - 7 potions of haste
 e - 6 potions of heal wounds
 g - 2 potions of might {unknown}
 h - 3 potions of cancellation
 i - a potion of flight {unknown}
 n - 3 potions of curing {unknown}
 q - a potion of brilliance {unknown}
 s - a potion of lignification {unknown}


   Skills:
 - Level 2.0 Fighting
 + Level 6.1 Axes
 - Level 2.0 Dodging
 - Level 2.0 Stealth
 - Level 6.0 Spellcasting
 - Level 10.0 Conjurations
 - Level 4.0 Hexes
 - Level 4.0 Translocations


You had 10 spell levels left.
You knew the following spells:

 Your Spells              Type           Power      Damage    Failure   Level
a - Searing Ray           Conj           100%       2d8       1%          2
b - Iskenderun's Mystic   Conj/Tloc      39%        2d9       1%          4
c - Fulminant Prism       Conj/Hex       19%        3d10      1%          4

Your spell library contained the following spells:

 Spells                   Type           Power      Damage    Failure   Level
 Magic Dart               Conj           100%       1d8       1%          1
 Dazzling Flash           Conj/Hex       78%        N/A       1%          3
 Mephitic Cloud           Conj/Pois/Air  22%        N/A       2%          3
 Call Imp                 Summ           12%        N/A       5%          2


Dungeon Overview and Level Annotations

Branches:
Dungeon (8/15)             Temple (1/1) D:7          Bailey (visited)
   Lair: D:8-11

Altars:
Ashenzari
Cheibriados
Dithmenos
Elyvilon
Fedhas
Gozag
Hepliaklqana
Kikubaaqudgha
Nemelex Xobeh
Okawaru
Qazlal
Ru
Trog
Uskayaw
Vehumet
Wu Jian
Xom
Yredelemnul
Zin
The Shining One

Shops:
D:2 !

Annotations:
D:2 Sigmund
D:3 3 runed translucent doors, TreWolfie's ghost, amateur NaFi
D:5 1 runed translucent door, Crazy Yiuf; Eustachio


Innate Abilities, Weirdness & Mutations

You can breathe wild blasts of lightning.
Your glossy black scales are hard. (AC +7)
You cannot fit into any form of body armour.
You are resistant to electric shocks. (rElec)
You are cold-blooded and may be slowed by cold attacks.


Message History

You can't go down here!
You can't go down here!
The kobold brigand hits you but does no damage.
You climb upwards.
There is a stone staircase leading down here.
The kobold brigand throws a poisoned dart.
The poisoned dart completely misses you.
Welcome back, Klosterheim the Black Draconian Conjurer.
Hepliaklqana says: Your past becomes your present!
Press ? for a list of commands and other information.
The kobold brigand closely misses you.
You hit the kobold brigand. You freeze the kobold brigand.
Your tail-slap misses the kobold brigand.
The kobold brigand is moderately wounded.
The kobold brigand hits you but does no damage.
You slash the kobold brigand! You freeze the kobold brigand.
You tail-slap the kobold brigand.
The kobold brigand is almost dead.
The kobold brigand barely misses you.
The kobold brigand hits you with a +0 club.
You barely miss the kobold brigand.
Your tail-slap misses the kobold brigand.
The kobold brigand is almost dead.
The kobold brigand hits you but does no damage.
You barely miss the kobold brigand.
The kobold brigand is almost dead.
The kobold brigand hits you but does no damage.
You slash the kobold brigand! You freeze the kobold brigand.
You kill the kobold brigand!
Things that are here:
a +0 club; 6 poisoned darts
Things that are here:
a +0 club; 6 poisoned darts
There is an escape hatch in the floor here.
HP restored.
There is a stone staircase leading down here.
Welcome back, Klosterheim the Black Draconian Conjurer.
Hepliaklqana says: Your past becomes your present!
Press ? for a list of commands and other information.
Are you sure you want to abandon this character and quit the game? (Confirm with "yes".)

###### ##....# ###.....#
......)># ####### ######.###
#.....#### #
#......#####.....#..######## #
#.............@............# #
#......#####.......####....#
####.........#.###.#.##...####
.#.................#.##.###
................####.##.#
.##|#.......#..####..#..#
.##............# #..##.##
.#####.....###.###.....#
....##.....#.......#####


There were no monsters in sight!

Vanquished Creatures
  An orc knight (Bailey)
  Maggie (D:6)
  Grinder (D:6)
  Menkaure (D:6)
  A water moccasin (D:5)
  An ice beast (D:5)
  7 orc warriors (Bailey)
  2 ogres
  2 centaurs
  A phantom (D:6)
  2 kobold brigands
  3 necrophages
  A gnoll sergeant (D:5)
  3 bullfrogs
  A scorpion (D:6)
  A howler monkey (D:7)
  3 orc priests
  2 hounds
  4 jellies
  5 iguanas
  Terence (D:3)
  3 orc wizards
  8 adders
  14 gnolls
  3 worms
  2 dart slugs
  34 orcs
  8 endoplasms
  4 giant cockroaches
  9 goblins
  3 hobgoblins
  5 jackals
  14 kobolds
  4 quokkas
  5 ball pythons
  7 bats
  4 frilled lizards
  5 rats
  A fulminant prism (Bailey)
177 creatures vanquished.

Vanquished Creatures (others)
  11 fulminant prisms
11 creatures vanquished.

Grand Total: 188 creatures vanquished

Notes
Turn   | Place    | Note
-------+----------+-------------------------------------------
     0 | D:1      | Klosterheim the Draconian Conjurer began the quest for the
                  | Orb.
     0 | D:1      | Reached XP level 1. HP: 14/14 MP: 3/3
   273 | D:1      | Reached XP level 2. HP: 22/22 MP: 1/5
   333 | D:1      | Found a faded altar of an unknown god.
   692 | D:1      | Reached skill level 1 in Fighting
  1532 | D:2      | Learned a level 2 spell: Searing Ray
  1812 | D:2      | Reached XP level 3. HP: 28/28 MP: 0/6
  1986 | D:2      | Found Qonyon's Distillery.
  1995 | D:2      | Bought a potion of heal wounds for 50 gold pieces
  2450 | D:2      | Noticed Sigmund
  2687 | D:3      | Reached XP level 4. HP: 28/36 MP: 4/8
  3100 | D:3      | Reached skill level 5 in Conjurations
  3107 | D:3      | Reached XP level 5. HP: 41/41 MP: 3/9
  3198 | D:3      | Noticed Terence
  3241 | D:3      | Killed Terence
  3655 | D:3      | Found a runed translucent gate.
  3655 | D:3      | Found a runed translucent gate.
  3655 | D:3      | Found a runed translucent gate.
  3655 | D:3      | Noticed TreWolfie's ghost (amateur NaFi)
  3802 | D:3      | Found a blossoming altar of Fedhas.
  4330 | D:4      | Found a sparkling altar of Nemelex Xobeh.
  4376 | D:4      | Reached XP level 6. HP: 48/48 MP: 2/12
  4886 | D:4      | Found a stormy altar of Qazlal.
  5058 | D:5      | Entered Level 5 of the Dungeon
  5058 | D:5      | Noticed Eustachio
  5066 | D:4      | Learned a level 4 spell: Fulminant Prism
  5077 | D:5      | Reached skill level 6 in Conjurations
  5150 | D:5      | Reached skill level 1 in Hexes
  5364 | D:5      | Your scales start taking on a glossy black colour.
  5364 | D:5      | Reached XP level 7. HP: 55/55 MP: 3/13
  5364 | D:5      | Gained mutation: You are resistant to electric shocks.
                  | (rElec) [Black Draconian growth]
  5375 | D:5      | Found an opulent altar of Gozag.
  5941 | D:5      | Found a runed translucent door.
  5942 | D:5      | Noticed Crazy Yiuf
  6039 | D:5      | Reached skill level 7 in Conjurations
  6354 | D:5      | Found a shadowy altar of Dithmenos.
  6494 | D:6      | Noticed Maggie
  6538 | D:6      | Killed Maggie
  6539 | D:6      | Reached skill level 8 in Conjurations
  6539 | D:6      | Reached XP level 8. HP: 40/61 MP: 4/14
  6766 | D:6      | Reached skill level 9 in Conjurations
  6810 | D:6      | Noticed Grinder
  6812 | D:6      | Paralysed by Grinder for 5 turns
  6818 | D:6      | Paralysed by Grinder for 2 turns
  6819 | D:6      | Killed Grinder
  7038 | D:6      | Reached skill level 10 in Conjurations
  7395 | D:6      | Learned a level 4 spell: Iskenderun's Mystic Blast
  7503 | D:6      | Noticed Menkaure
  7508 | D:6      | Killed Menkaure
  7509 | D:6      | Reached skill level 1 in Translocations
  7509 | D:6      | Reached XP level 9. HP: 67/67 MP: 8/16
  7616 | D:6      | Found a basalt altar of Yredelemnul.
  7619 | D:6      | Reached skill level 5 in Spellcasting
  7829 | D:6      | Found a glowing golden altar of the Shining One.
  7884 | D:7      | Identified a scroll of acquirement
  7884 | D:7      | Acquired the +8 broad axe "Vip Zeakh" {freeze, rPois Will+
                  | rCorr}
  8011 | D:7      | Found a staircase to the Ecumenical Temple.
  8146 | D:7      | Reached skill level 1 in Axes
  8233 | D:7      | Found a flagged portal.
  8245 | Bailey   | Entered a bailey
  8712 | Bailey   | Noticed an orc knight
  8718 | Bailey   | Killed an orc knight
  8719 | Bailey   | Reached skill level 5 in Axes
  9128 | Temple   | Entered the Ecumenical Temple
  9249 | Temple   | Became a worshipper of Hepliaklqana the Forgotten
  9548 | D:8      | Upgraded the game from 0.30-a0-141-g30f27751c5 to
                  | 0.30-a0-782-ge64f9170bb
  9620 | D:8      | Upgraded the game from 0.30-a0-782-ge64f9170bb to
                  | 0.30-a0-920-g7493c07aab
  9687 | D:7      | Upgraded the game from 0.30-a0-920-g7493c07aab to
                  | 0.31-a0-37-g98a128e1d9
  9687 | D:7      | Quit the game

Illustrated notes

Levels and vault maps discovered:
D:1:      onia_arrival_handbag, layout_basic, hellmonk_ecumenical_altar_zigzags
D:2:      layout_basic, serial_shops, shop_statue, uniq_sigmund
D:3:      layout_loops_ring, overflow_temple_1_default,
          gammafunk_ghost_necromancy, minmay_diced_spiral, uniq_terence
D:4:      layout_cave_pools, nemelex_diamond_rough_becter,
          mainiacjoe_overflow_small_starburst
D:5:      layout_gridville, mainiacjoe_overflow_catwalk,
          nicolae_dithmenos_through_a_glass_darkly, uniq_crazy_yiuf_cottage,
          uniq_eustachio
D:6:      layout_loops_cross, tso_altar, mainiacjoe_overflow_paths,
          uniq_menkaure, uniq_grinder, uniq_maggie
D:7:      layout_rooms, lemuel_temple_firewalk_a, enter_bailey_5
D:8:      layout_basic, makhleb_blood_cavern_becter, dpeg_lair_monsters
Temple:   dshaligram_water_room_temple

Skill      XL: |  1  2  3  4  5  6  7  8  9 |
---------------+----------------------------+-----
Stealth        | 2 |  2.0
Dodging        | 2 |  2.0
Fighting       | 1 2 |  2.0
Spellcasting   | 3 4 6 |  6.0
Conjurations   | 5 6 8 10 | 10.0
Hexes          | 2 4 |  4.0
Translocations | 1 4 |  4.0
Axes           | 6 |  6.1

Action                     |  1- 3 |  4- 6 |  7- 9 || total
---------------------------+-------+-------+-------++-------
  Melee: Unarmed           |    34 |    27 |       ||    61
         Tailslap          |     8 |     7 |    25 ||    40
         Flail             |       |     6 |    19 ||    25
         Halberd           |       |       |    63 ||    63
         Broad axe         |       |       |    51 ||    51
         Punch             |       |       |     1 ||     1
   Cast: Magic Dart        |    72 |    92 |       ||   164
         Searing Ray       |     5 |    14 |    24 ||    43
         Fulminant Prism   |       |       |    12 ||    12
    Use: Scroll            |     4 |     6 |     2 ||    12
         Potion            |       |       |     1 ||     1
   Stab: Sleeping          |       |       |     1 ||     1
 Armour: Skin              |    20 |    19 |   107 ||   146
  Dodge: Dodged            |    40 |    41 |   276 ||   357

Table legend: (Time is in decaauts)
 A = Elapsed time spent in this place.
 B = Non-inter-level travel time spent in this place.
 C = Inter-level travel time spent in this place.
 D = Time resting spent in this place.
 E = Time spent auto-exploring this place.
 F = Levels seen in this place.
 G = Mean time per level.
                   A        B        C        D        E       F      G
               +--------+--------+--------+--------+--------+-----+--------+
         Total |   9763 |   8755 |   1008 |   3061 |   4323 |  10 |  976.3 |
       Dungeon |   8805 |   7927 |    878 |   2460 |   4224 |   8 | 1100.6 |
        Temple |    134 |      4 |    130 |      0 |      0 |   1 |  134.0 |
        Bailey |    823 |    823 |      0 |    601 |     99 |   1 |  823.0 |
               +--------+--------+--------+--------+--------+-----+--------+

Top non-repeatable levels by time:
     D:3: 1657 daAuts
     D:1: 1647 daAuts
     D:5: 1376 daAuts
     D:6: 1349 daAuts
     D:4: 1023 daAuts
     D:2: 870 daAuts
  Bailey: 823 daAuts
     D:7: 801 daAuts
  Temple: 134 daAuts
     D:8: 78 daAuts
